 Dungeon Crawl Stone Soup version 0.31-a0-217-g58bb5d79cf (webtiles) character file.

Game seed: 1437368986115534900

55 qw the Shooter (level 3, -4/29 HPs)
             Began as a Minotaur Hexslinger on July 2, 2023.
             Slain by Sigmund
             ... wielding a +0 scythe
              (6 damage)
             ... on level 2 of the Dungeon.
             The game lasted 00:00:29 (1013 turns).

qw the Shooter (Minotaur Hexslinger)                Turns: 1013, Time: 00:00:30

Health: -4/29      AC:  5    Str: 12    XL:     3   Next: 67%
Magic:  3/3        EV: 11    Int: 10    God:
Gold:   56         SH:  0    Dex: 14    Spells: 3/4 levels left

rFire   . . .        Y - +1 sling
rCold   . . .        (no shield)
rNeg    . . .        h - +0 ring mail
rPois   .            (helmet restricted)
rElec   .            (no cloak)
rCorr   .            (no gloves)
SInv    .            (no boots)
Will    .....        (no amulet)
Stlth   +            (no ring)
HPRegen 0.24/turn    (no ring)
MPRegen 0.08/turn

%: no passive effects
@: about to teleport
A: horns 2, retaliatory headbutt
a: no special abilities


You were on level 2 of the Dungeon.
You visited 1 branch of the dungeon, and saw 2 of its levels.

You collected 56 gold pieces.


Innate Abilities, Weirdness & Mutations

You have a pair of horns on your head.
You reflexively headbutt those who attack you in melee.


   Skills:
 - Level 2.0 Fighting
 + Level 4.0 Ranged Weapons
 - Level 1.0 Armour
 - Level 2.1 Dodging
 - Level 1.0 Spellcasting
 - Level 2.0 Hexes


You had 3 spell levels left.
You knew the following spells:

 Your Spells              Type           Power      Damage    Failure   Level
a - Slow                  Hex            16%        N/A       34%         1

Your spell library contained the following spells:

 Spells                   Type           Power      Damage    Failure   Level
 Inner Flame              Hex/Fire       2%         N/A       83%         3
 Portal Projectile        Hex/Tloc       4%         N/A       83%         3
 Cause Fear               Hex            2%         N/A       98%         4

Inventory:

Hand Weapons
 Y - a +1 sling (weapon)
Armour
 h - a +0 ring mail (worn)
Scrolls
 a - a scroll of noise {unknown}
 c - a scroll of brand weapon {unknown}
 d - a scroll of identify
Potions
 b - a potion of enlightenment {unknown}

Dungeon Overview and Level Annotations

Branches:
Dungeon (2/15)

Altars:
Dithmenos

Shops:
D:1 :([(*

Annotations:
D:2 Sigmund


Message History

The black bear claws you but does no damage.
The black bear closely misses you.
Sigmund points at you and mumbles some strange words.
You are confused.
The black bear bites you but does no damage.
The black bear claws you but does no damage. x2
The rat barely misses you. The rat bites you but does no damage.
The black bear bites you but does no damage.
The black bear closely misses you. The black bear claws you.
Sigmund looks at you with fury.
Sigmund hits you from afar with a +0 scythe.
The rat misses you. The black bear barely misses you.
The black bear claws you but does no damage.
The black bear claws you.
Sigmund hits you from afar with a +0 scythe.
The black bear misses you. The black bear claws you. x2
The rat bites you but does no damage.
The black bear bites you but does no damage.
The black bear claws you but does no damage. x2
The rat bites you but does no damage. Sigmund closely misses you.
You feel less confused. The rat barely misses you.
The black bear bites you but does no damage.
The black bear closely misses you.
The black bear claws you but does no damage.
Sigmund hits you from afar with a +0 scythe.
1012 ||| READING scroll of teleportation.
As you read the scroll of teleportation, it crumbles to dust.
You feel strangely unstable. The black bear closely misses you.
The black bear barely misses you. x2
The rat bites you but does no damage.
You shoot a sling bullet. The sling bullet hits the black bear.
The black bear is heavily wounded.
The rat closely misses you.
The black bear bites you but does no damage.
The black bear claws you but does no damage.
The black bear claws you.
Sigmund hits you from afar with a +0 scythe.
You die...

#..........
#.........#
.#.........#
...........#
#.........#
#.....@...#
#....h..%.#
#....r@%..#
#......%..#
##.......##
##.....##
#######


You could see a black bear, Sigmund and a rat.

Vanquished Creatures
  Robin (D:2)
  A worm (D:2)
  5 ball pythons
  2 endoplasms (D:1)
  3 giant cockroaches
  11 goblins (D:2)
  4 hobgoblins
  2 quokkas (D:2)
  A bat (D:2)
  3 kobolds (D:1)
  3 rats
36 creatures vanquished.

Notes
Turn   | Place    | Note
-------+----------+-------------------------------------------
     0 | D:1      | qw the Minotaur Hexslinger began the quest for the Orb.
     0 | D:1      | Reached XP level 1. HP: 16/16 MP: 1/1
     0 | D:1      | 0 ||| qw: Version: 0.3-a-40-ge99b1a8
     0 | D:1      | 0 ||| qw: Game counter: 182
     0 | D:1      | 0 ||| qw: Melee chars always use a shield: true
     0 | D:1      | 0 ||| qw: God list: Okawaru
     0 | D:1      | 0 ||| qw: Allow faded altars: false
     0 | D:1      | 0 ||| qw: Do Orc after clearing Dungeon:15 true
     0 | D:1      | 0 ||| qw: Do second Lair branch before Depths: true
     0 | D:1      | 0 ||| qw: Lair rune preference: random
     0 | D:1      | 0 ||| qw: Goals: Normal
     0 | D:1      | 0 ||| PLANNING D:1-11
    96 | D:1      | Found Vuollei's General Store.
   102 | D:1      | 102 ||| SHOPLISTING +6 ring of dexterity (360 gold, have
                  | 0).
   102 | D:1      | 102 ||| SHOPLISTING potion of curing (30 gold, have 0).
   102 | D:1      | 102 ||| SHOPLISTING potion of enlightenment (50 gold, have
                  | 0).
   102 | D:1      | 102 ||| SHOPLISTING potion of haste (100 gold, have 0).
   102 | D:1      | 102 ||| SHOPLISTING potion of mutation (80 gold, have 0).
   102 | D:1      | 102 ||| SHOPLISTING scroll of identify (20 gold, have 0).
   172 | D:1      | Found Jigoleat's Antique Weapon Shop.
   181 | D:1      | 181 ||| SHOPLISTING runed orcbow (104 gold, have 29).
   226 | D:1      | Found Futagumu's Armour Shoppe.
   232 | D:1      | 232 ||| SHOPLISTING +0 pair of boots (54 gold, have 29).
   258 | D:1      | You fall into a shaft and drop 1 floor!
   259 | D:2      | 259 ||| UPGRADING to +0 leather armour.
   269 | D:2      | 269 ||| DROPPING +0 robe.
   270 | D:2      | 270 ||| FLEEEEING.
   271 | D:2      | 271 ||| STAIRDANCE
   454 | D:1      | Reached skill level 3 in Ranged Weapons
   464 | D:1      | Reached XP level 2. HP: 13/23 MP: 2/2
   540 | D:1      | Found Azxas's Weapon Shoppe.
   546 | D:1      | 546 ||| UPGRADING to +0 ring mail.
   556 | D:1      | 556 ||| DROPPING +0 leather armour.
   713 | D:1      | Found Roh Zaxt's Book Shoppe.
   722 | D:1      | 722 ||| READING scroll labelled LUHIF TULIS.
   723 | D:1      | 723 ||| READING 2 scrolls labelled FAOQESH JAENA.
   726 | D:1      | 726 ||| READING scroll labelled IRUHE ERHEPLU.
   727 | D:1      | 727 ||| READING scroll labelled BALOAC KICS.
   728 | D:1      | 728 ||| DROPPING scroll of poison.
   745 | D:2      | 745 ||| STAIRDANCE
   807 | D:2      | Reached XP level 3. HP: 27/29 MP: 3/3
   811 | D:2      | Noticed Robin
   822 | D:2      | Killed Robin
   844 | D:2      | 844 ||| FLEEEEING.
   845 | D:2      | 845 ||| FLEEEEING.
   846 | D:2      | 846 ||| FLEEEEING.
   847 | D:2      | 847 ||| FLEEEEING.
   848 | D:2      | 848 ||| FLEEEEING.
   849 | D:2      | 849 ||| FLEEEEING.
   850 | D:2      | 850 ||| FLEEEEING.
   851 | D:2      | 851 ||| FLEEEEING.
   894 | D:2      | Reached skill level 4 in Ranged Weapons
   908 | D:2      | Found a shadowy altar of Dithmenos.
   956 | D:2      | Reached skill level 1 in Armour
   999 | D:2      | Noticed a black bear
  1000 | D:2      | Noticed Sigmund
  1011 | D:2      | HP: 2/29 [Sigmund/+0 scythe (6)]
  1012 | D:2      | 1012 ||| READING scroll of teleportation.
  1013 | D:2      | Slain by Sigmund

Levels and vault maps discovered:
D:1:      amcnicky_arrival_feature_with_door, layout_basic, serial_shops, shop,
          shop, shop, nicolae_lakefront_shop,
          nicolae_shop_pleasant_corner_grove, minmay_misc_feat_iff
D:2:      layout_rooms, serial_shops, nicolae_shop_tiny_glass,
          shapermc_ecumenical_altar_pompeii, basic_altar, uniq_robin,
          uniq_sigmund

Skill      XL: |  1  2  3 |
---------------+----------+-----
Ranged Weapons | 3 4 |  4.0
Fighting       | 2 |  2.0
Armour         | 1 |  1.0
Dodging        | |  2.1
Spellcasting   | |  1.0
Hexes          | |  2.0

Action                     || total
---------------------------++-------
   Fire: Sling             ||   116
    Use: Scroll            ||     5
 Armour: Leather armour    ||     7
         Ring mail         ||    35
  Dodge: Dodged            ||    60

Table legend:
 A = Non-vault XP
 B = Vault XP
 C = Vault XP percentage of total XP
 D = Non-vault monster count
 E = Vault monster count
 F = Vault count percentage of total count
                 A         B        C        D         E       F
            +---------+---------+-------+---------+---------+-------
      Total |      41 |      38 |  48.1 |      23 |      13 |  36.1
            +---------+---------+-------+---------+---------+-------
        D:1 |      19 |       0 |   0.0 |      12 |       0 |   0.0
        D:2 |      22 |      38 |  63.3 |      11 |      13 |  54.2
            +---------+---------+-------+---------+---------+-------
